Workbook
Name 図１: [1]様式5!$B$50
Name 図３: [1]様式5!$B$50

Sheet 提出書類一覧
A1: 令和８年度訪問系介護サービス事業所に対する防犯機器等導入支援補助金 提出書類一覧（交付申請時）
A2: 交付申請書の提出にあたり、こちらで提出書類をチェックの上、一緒にご提出ください。
A3: 法人名： | B3: =IF(様式第１号!O6="","",様式第１号!O6) | E3: サービス種別： | G3: =IF(様式第１号!C23="","",様式第１号!C23) | H3: 訪問介護
A4: 事業所名： | B4: =IF(様式第１号!C21="","",様式第１号!C21) | H4: （介護予防）訪問看護
H5: （介護予防）訪問リハビリテーション
A6: 番号 | B6: 提 出 書 類 名 | F6: 提出時 チェック欄 | G6: 備 考 | H6: 夜間対応型訪問介護
H7: 定期巡回・随時対応型訪問介護看護
A8: 1 | B8: 令和８年度訪問系介護サービス事業所に対する防犯機器等導入支援補助金 提出書類一覧(本票) | H8: （介護予防）小規模多機能型居宅介護
A9: 2 | B9: 交付申請書（様式第1号） | G9: ・印鑑証明書と同じ印鑑を使用し、押印してください。 | H9: 看護小規模多機能型居宅介護
A10: 3 | B10: 所要額調書（別紙1-1） | H10: 居宅介護支援
A11: 4 | B11: 所要額内訳書（別紙1-2）
A12: 5 | B12: 歳入歳出予算（見込）書抄本 | G12: ・印鑑証明書と同じ印鑑を使用し、押印してください。
A13: 6 | B13: 補助対象製品のカタログ
A14: 7 | B14: 補助対象製品の金額が確認できるもの | G14: 【購入前もしくは購入したが支払未済の場合】 ・製品のカタログで金額が分かるページの写しや見積書等を提出してください。 【既に支払いを終えている場合】 ・納品書及び領収書を提出してください。納品書及び領収書は、同じものを実績報告時点でもご提出いただきます。 ・法人又は事業所が宛名となっている書類を提出してください。個人名が宛名となっているものは認められません。 ・領収書の但し書きは、「お品代」ではなく具体的な製品名の名称を記載してください。銀行振込等で領収書が発行されない場合は、振込の相手方及び金額が証明できる書類を提出してください。
A15: 8 | B15: 金額換算可能な各種ポイントが付与・利用された場合の当該ポイント相当額の確認できる根拠資料 （※対象経費の支払い時に金額換算可能な各種ポイントが付与又は利用された事業所のみ） | G15: ・「金額換算可能な各種ポイントが付与された場合」とは、具体的には以下のケースになります。 ①購入に伴いポイントの付与されるポイントカード（購入先の家電量販店のポイントカード等）を利用した場合 ②上記の他、ネットショッピング等により、ポイントが付与される場合 ・ポイント数が記載された請求書、ポイント付与の条件（何円購入で何ポイント）や１ポイント当たりの換金率が記載されたカード会社の規約書等を提出してください。 ・各種ポイント相当額については、別紙1－1「所要額調書」の「(Ｂ)寄附金その他収入額」に計上し、対象経費の実支出額から控除してください。 ・ポイント相当額が控除されていなかったり、計算方法を誤っていたりした場合には、補助金を返還いただく場合がございます。くれぐれもご注意ください。 | H15: □ 「金額換算可能な各種ポイントが付与された場合」とは、具体的には以下のケースになります。 ・購入に伴いポイントの付与されるポイントカード（購入先の家電量販店のポイントカード等）を利用した場合 ・上記の他、ネットショッピング等により、ポイントが付与される場合 □ ポイント数が記載された請求書、ポイント付与の条件（何円購入で何ポイント）や１ポイント当たりの換金率が記載されたカード会社の規約書等を提出してください。 □ 各種ポイント相当額については、「寄附金その他収入額」に計上し、対象経費の実支出額から控除してください。 ポイント相当額が控除されていなかったり、計算方法を誤っていたりした場合には、補助金を返還いただく場合がございます。くれぐれもご注意ください。
A16: 9 | B16: 印鑑証明書 | G16: ・令和8年4月1日以降に取得したものを提出してください。 ・なお、法人で複数事業所分を申請する場合、いずれか１つの事業所分に原本を添付し、その他の事業所分については写しを添付いただいて差し支えありません。
A18: ※その他、必要に応じて書類の提出をお願いすることがあります。
A19: ※各様式における法人名・法人所在地は、印鑑証明書の表記と一致するよう記載してください。
A20: また、事業所名・事業所所在地は、事業所指定を受けた内容と一致するよう記載してください。
A21: ただし、法人・事業所の所在地について、建物名や部屋番号を追加記載することは差し支え
A22: ありません。

Sheet 様式第１号
A1: 様式第１号 (第７条関係)
T2: 令和 | V2: 年 | X2: 月 | Z2: 日
B4: 東京都知事 殿
L6: 法人名 | AB6: 訪問介護
L7: 法人所在地 | AB7: （介護予防）訪問看護
L8: 代表者職名 | AB8: （介護予防）訪問リハビリテーション
L9: 代表者氏名 | AB9: 夜間対応型訪問介護
AB10: 定期巡回・随時対応型介護看護
A11: 令和８年度訪問系介護サービス事業所に対する防犯機器等導入支援補助金 | AB11: （介護予防）小規模多機能型居宅介護
A12: 交付申請書 | AB12: 看護小規模多機能型居宅介護
AB13: 居宅介護支援
B14: 標記の補助金について、下記の関係書類を添えて申請します。
A16: 記
B18: １ 申請額
B19: 金 | E19: ='別紙1-1「所要額調書」'!I8 | J19: 円
B20: ２ 事業所名
B22: ３ 事業所種別
B24: ４ 事業所番号
B26: ５ 事業所所在地
B28: ６ 添付資料
B29: ア 令和８年度訪問系介護サービス事業所に対する防犯機器等導入支援補助金 所要額調書（別紙１－１）
B30: イ 対象経費の所要額内訳書（別紙１-２）
B31: ウ 歳入歳出予算（見込）書抄本
B32: エ その他参考となる資料
B33: ７ その他（他補助金との併用について）
C34: 東京都産業労働局が実施する「カスタマーハラスメント防止対策推進事業」に申請をしていない または 対象経費の重複はない
C35: 東京都福祉局障害者施策推進部が実施する「障害福祉現場におけるカスタマーハラスメント対策推進事業」に申請をしていない または 対象経費の重複はない
C36: 東京都保健医療局が実施する「在宅医療現場におけるハラスメント対策事業」に申請をしていない または 対象経費の重複はない
C37: 上記以外の対象経費が重複する他の補助金等の交付を受けていない
J39: ＊事務取扱者（必ず記入してください）
J40: 書類送付先 | N40: 〒
J42: 部署名
J43: ふりがな
J44: 氏名
J45: TEL
J46: e-mail

Sheet 別紙1-1「所要額調書」
B1: 別紙１－１ | G1: 法人名 | H1: =IF(様式第１号!O6="","",様式第１号!O6)
G2: 事業所名 | H2: =IF(様式第１号!C21="","",様式第１号!C21)
B4: 令和８年度訪問系介護サービス事業所に対する防犯機器等導入支援補助金 所要額調書
C6: 対象経費の 実支出予定額 | D6: 寄附金その他の収入額 | E6: 差引後実支出 予定額 | F6: 補助基準額 | G6: 選定額 | H6: 補助率 | I6: 補助所要額 | J6: 備考
C7: （Ａ） | D7: （Ｂ） | E7: （Ｃ＝Ａ－Ｂ） | F7: （Ｄ） | G7: （Ｅ） | H7: （Ｆ） | I7: （Ｇ＝Ｅ×1/2）
B8: 補助対象経費合計 | C8: =IF('別紙1-2「内訳書」'!E14="","",'別紙1-2「内訳書」'!E14) -> 0 | E8: =IF(C8=0,"",C8-D8) | F8: 100000 | G8: =IF(E8="","",MIN(E8,F8)) | H8: 0.5 | I8: =IF(G8="","",ROUNDDOWN(G8*H8,-3))
B10: 金額は、全て円単位で記載すること。
B11: Ａ欄には、様式１－２「対象経費の支出予定額内訳書」の合計額を記入すること。
B12: Ｂ欄には、使途を当該事業に限定した寄附金等があれば、記入すること。 また、対象経費の支払時に、金額換算可能な各種ポイントが付与された場合には、当該ポイント相当額を記入すること。
B13: Ｅ欄には、Ｃ欄とＤ欄を比較して少ない方の額を記載すること。
B14: Ｇ欄には、Ｅ欄の額に補助率を乗じて得た額を記載すること。ただし、千円未満の端数が生じた場合は切り捨てること。

Sheet 別紙1-2「内訳書」
A1: 別紙１－２ | D1: 事業所名 | E1: =IF(様式第１号!C21="","",様式第１号!C21)
A3: 対象経費の所要額内訳書
F5: （単位：円）
A6: 内容 | B6: 品名 | C6: 数量 | D6: 単価 | E6: 金額 | F6: 備考
E7: =C7*D7 -> 0 | G7: 防犯ブザー
E8: =C8*D8 -> 0 | G8: 防犯ボタン付きセキュリティ端末
E9: =C9*D9 -> 0 | G9: ボイスレコーダー
E10: =C10*D10 -> 0
E11: =C11*D11 -> 0
E12: =C12*D12 -> 0
E13: =C13*D13 -> 0
A14: 合 計 | C14: =SUM(C7:C13) -> 0 | E14: =SUM(E7:E13) -> 0

Sheet (参考様式)予算書
AF2: 事業所名： | AG2: =様式第１号!C21 -> 0
A5: 歳入歳出予算（見込）書抄本
B8: １ 歳入の部
BA9: （単位：円）
D10: 区 分 | S10: 予算（見込）額 | AJ10: 備 考
S11: =IF('別紙1-1「所要額調書」'!I8="","",'別紙1-1「所要額調書」'!I8)
D12: 東京都補助金
S13: =IF(S25=0,"",S25-S11-S15)
D14: 自己資金
D15: 寄附金その他の収入額 | S15: =IF('別紙1-1「所要額調書」'!D8="",0,'別紙1-1「所要額調書」'!D8) -> 0
D25: 合 計 | S25: =IF('別紙1-1「所要額調書」'!C8="","",'別紙1-1「所要額調書」'!C8) -> 0
B28: ２ 歳出の部
D30: 区 分 | S30: 予算（見込）額 | AJ30: 備 考
S31: =IF('別紙1-2「内訳書」'!E14="","",'別紙1-2「内訳書」'!E14) -> 0
D32: 物品購入費
D45: 合 計 | S45: =SUM(S31:AI44) -> 0
C48: 本書は、原本と相違ないことを証明します。
D50: 令和 | G50: =IF(様式第１号!U2="","",様式第１号!U2) | I50: 年 | K50: =IF(様式第１号!W2="","",様式第１号!W2) | M50: 月 | O50: =IF(様式第１号!Y2="","",様式第１号!Y2) | Q50: 日
E52: 法人名: | J52: =IF(様式第１号!O6="","",様式第１号!O6)
E54: 代表者職氏名: | M54: =IF(様式第１号!O8="","",様式第１号!O8) | V54: =IF(様式第１号!O9="","",様式第１号!O9)
